 Dungeon Crawl Stone Soup version 0.17-a0-18-gc25b939 (webtiles) character file.

39 Blackbelt the Slasher (level 3, -1/29 HPs)
             Began as a Demonspawn Abyssal Knight on Mar 11, 2015.
             Was a Believer of Lugonu.
             Succumbed to an adder's poison
             ... on level 2 of the Dungeon.
             The game lasted 00:03:13 (1309 turns).

Blackbelt the Slasher (Demonspawn Abyssal Knight)   Turns: 1309, Time: 00:03:13

Health: -1/29      AC:  3    Str: 12    XL:     3   Next: 28%
Magic:  2/4        EV: 16    Int: 13    God:    Lugonu [**....]
Gold:   104        SH:  0    Dex: 18    Spells: 0 memorised, 2 levels left

rFire  . . .     SeeInvis .     a - +1 falchion
rCold  . . .     Clarity  .     b - +0 leather armour
rNeg   . . .     SustAb   .     (no shield)
rPois  .         Gourm    .     (no helmet)
rElec  .         Spirit   +     (no cloak)
rCorr  .         Warding  .     (no gloves)
rMut   .         Stasis   .     (no boots)
MR     .....                    (no amulet)
Stlth  ++........               (no ring)
                                (no ring)

@: agile, lethally poisoned (-1 -> -23), invisible, not resistant to hostile
enchantments, unstealthy
A: claws 1, magic shield
a: Depart the Abyss, Bend Space, Renounce Religion


You were on level 2 of the Dungeon.
You worshipped Lugonu.
Lugonu was pleased with you.
You were hungry.

You visited 1 branch of the dungeon, and saw 2 of its levels.
You visited the Abyss 1 time.

You collected 104 gold pieces.

Inventory:

Hand weapons
 a - a +1 falchion (weapon)
Armour
 b - a +0 leather armour (worn)
Scrolls
 e - a scroll of remove curse {unknown}
 f - 3 scrolls of identify {unknown}
 h - a scroll of recharging {unknown}
 i - a scroll of magic mapping {unknown}
 j - a scroll of fog {unknown}
 k - a scroll of enchant weapon {unknown}
Potions
 o - a potion of haste {unknown}
Comestibles
 c - a bread ration
 g - 3 fruits
 l - a slice of pizza
 m - a meat ration


   Skills:
 - Level 3.0 Fighting
 + Level 3.3 Long Blades
 - Level 1.7 Armour
 - Level 0.8 Dodging
 - Level 2.4 Invocations


You had 2 spell levels left.
You didn't know any spells.

Dungeon Overview and Level Annotations

Branches:
Dungeon (2/15)

Altars:
Qazlal


Innate Abilities, Weirdness & Mutations

You have sharp fingernails.
When hurt, damage is shared between your health and your magic reserves.


Message History

You feel sick. The adder closely misses you.
You closely miss the adder.
The adder is severely wounded.
* * * LOW HITPOINT WARNING * * *
You feel sick. The adder bites you.
* * * LOW HITPOINT WARNING * * *
You are more poisoned.
The adder poisons you! The adder bites you.
* * * LOW HITPOINT WARNING * * *
You are more poisoned.
The adder poisons you!
Drink which item? (? for menu, Esc to quit)
It was a potion of agility.
You feel agile all of a sudden.
* * * LOW HITPOINT WARNING * * *
You feel sick. The adder closely misses you.
Drink which item? (? for menu, Esc to quit)
It was a potion of invisibility.
You fade into invisibility!
You die...

....#.........#
.≈..#.........#
.....<........# ###
≈.≈.#.........# .. .
§...##.......## .# .# §..
#.........###.##.#
§≈..#.........#..... .
≈§..#...........#.##%...#
≈§.§............@S...#
≈§§.........>....#####
≈...#........#......#
...≈..#.....###.###.#
....###....## ..# # ...#
#....# #.## ..# .........
.. #.......## #......##


You could see an adder.

Vanquished Creatures
  An adder (D:2)
  An ooze (D:1)
  5 bats (D:1)
  3 giant cockroaches
  5 hobgoblins (D:1)
  2 jackals (D:1)
  A ball python (D:1)
  2 giant newts (D:1)
  2 goblins (D:1)
  4 kobolds
  A rat (D:1)
27 creatures vanquished.

Notes
Turn   | Place    | Note
--------------------------------------------------------------
     0 | Abyss:1  | Blackbelt, the Demonspawn Abyssal Knight, began the quest for the Orb.
     0 | Abyss:1  | Reached XP level 1. HP: 18/18 MP: 1/1
   112 | Abyss:1  | Noticed a thrashing horror
   112 | D:1      | Escaped the Abyss
   453 | D:1      | Acquired Lugonu's first power
   534 | D:1      | Gained mutation: You have sharp fingernails. [demonic ancestry]
   534 | D:1      | Reached XP level 2. HP: 24/24 MP: 2/2
  1106 | D:2      | Found a stormy altar of Qazlal.
  1112 | D:2      | Gained mutation: When hurt, damage is shared between your health and your magic reserves. [demonic ancestry]
  1112 | D:2      | Reached XP level 3. HP: 26/29 MP: 4/4
  1117 | D:2      | Acquired Lugonu's second power
  1308 | D:2      | HP: 1/29 [poisoned by an adder]
  1309 | D:2      | Succumbed to an adder's poison

Action                   || total
-------------------------++-------
Melee: Falchion          ||   109
Invok: Depart the Abyss  ||     1
  Use: Potion            ||     2
  Eat: Chunk             ||     1
